 Dungeon Crawl Stone Soup version 0.30.1-4-g462c640d31 (webtiles) character file.

Game seed: 13810257707634211937

8111 Almogavar the Destroyer (level 11, -15/54 HPs)
             Began as a Tengu Conjurer on Sept 1, 2023.
             Was a Believer of Sif Muna.
             Shot with an arrow by a centaur warrior (22 damage)
             ... on level 8 of the Dungeon.
             The game lasted 00:38:55 (9388 turns).

Almogavar the Destroyer (Tengu Conjurer)            Turns: 9388, Time: 00:38:56

Health: -15/54     AC: 10    Str:  3    XL:     11   Next: 25%
Magic:  24/24      EV: 15    Int: 30    God:    Sif Muna [**....]
Gold:   508        SH:  0    Dex: 13    Spells: 20/26 levels left

rFire   . . .        n - +9 dagger of Amorality {heavy, Str-4 Int+8 Dex-5 Stlth+}
rCold   . . .        (no shield)
rNeg    . . .        q - +1 troll leather armour of Baldness {Drain Regen+ Int+4}
rPois   .            (helmet restricted)
rElec   .            r - +0 cloak
rCorr   .            A - +2 pair of gloves
SInv    .            (boots unavailable)
Will    .....        (no amulet)
Stlth   ++++         (no ring)
HPRegen 1.09/turn    (no ring)
MPRegen 0.19/turn

%: no passive effects
@: lethally poisoned (-15 -> -15), about to teleport, marked, flying quickly and
evasively, quick
A: beak, talons 3, nimble flight
a: Renounce Religion, Channel Magic


You were on level 8 of the Dungeon.
You worshipped Sif Muna.
Sif Muna was pleased with you.
You visited 1 branch of the dungeon, and saw 9 of its levels.

You collected 538 gold pieces.
You spent 30 gold pieces at shops.

Inventory:

Hand Weapons
 c - a +2 dagger of speed
 n - the +9 dagger of Amorality (weapon) {heavy, Str-4 Int+8 Dex-5 Stlth+}
   (You found it on level 3 of the Dungeon)

   Str:       It affects your strength (-4).
   Int:       It affects your intelligence (+8).
   Dex:       It affects your dexterity (-5).
   Stlth:     It makes you more stealthy.
Missiles
 e - 2 throwing nets
Armour
 q - the +1 troll leather armour of Baldness (worn) {Drain Regen+ Int+4}
   (You found it on level 3 of the Dungeon)

   Int:       It affects your intelligence (+4).
   Regen:     It increases your rate of health regeneration.
   Drain:     It drains your maximum health when unequipped.
 r - a +0 cloak (worn)
 y - a +1 robe of resistance
 A - a +2 pair of gloves (worn)
Jewellery
 p - a ring of fire
Wands
 g - a wand of iceblast (4)
 w - a wand of flame (45)
Scrolls
 h - 2 scrolls of fog
 k - a scroll of amnesia
 m - 3 scrolls of enchant weapon
 u - a scroll of torment {unknown}
 v - 2 scrolls of vulnerability {unknown}
 x - a scroll of summoning {unknown}
 z - a scroll of acquirement {unknown}
 B - a scroll of noise {unknown}
 C - a scroll of enchant armour {unknown}
 G - a scroll of fear {unknown}
Potions
 b - 2 potions of magic
 d - 2 potions of mutation
 f - 3 potions of haste
 i - 3 potions of might
 j - a potion of curing
 l - 2 potions of lignification {unknown}
 o - 2 potions of attraction {unknown}
 s - 3 potions of brilliance {unknown}
 D - a potion of resistance {unknown}
 E - a potion of degeneration {unknown}
 F - a potion of berserk rage {unknown}


   Skills:
 - Level 0.1 Fighting
 * Level 7.6 Short Blades
 + Level 5.5 Armour
 + Level 6.2 Dodging
 + Level 6.4 Stealth
 + Level 8.4 Spellcasting
 + Level 12.6 Conjurations


You had 20 spell levels left.
You knew the following spells:

 Your Spells              Type           Power      Damage    Failure   Level
a - Magic Dart            Conj           100%       1d8       1%          1
b - Searing Ray           Conj           100%       2d8       1%          2
c - Dazzling Flash        Conj/Hex       100%       N/A       1%          3

Your spell library contained the following spells:

 Spells                   Type           Power      Damage    Failure   Level
 Fulminant Prism          Conj/Hex       25%        3d14      5%          4
 Iskenderun's Mystic Bla  Conj/Tloc      50%        2d11      5%          4
 Slow                     Hex            48%        N/A       8%          1
 Confusing Touch          Hex            12%        N/A       22%         3
 Inner Flame              Hex/Fire       12%        N/A       22%         3
 Vampiric Draining        Necr           12%        2d6       22%         3
 Animate Dead             Necr           12%        N/A       58%         4
 Borgnjor's Vile Clutch   Necr/Erth      6%         N/A       90%         5
 Yara's Violent Unravell  Hex/Tmut       6%         3d5       90%         5
 Death Channel            Necr           6%         N/A       100%        6
 Enfeeble                 Hex            6%         N/A       100%        7


Dungeon Overview and Level Annotations

Branches:
Dungeon (9/15)             Temple (0/1) D:5
   Lair: D:8-11         Orc: D:9-12

Altars:
Gozag
Kikubaaqudgha
Makhleb
Nemelex Xobeh
Qazlal
Sif Muna
Trog
Zin

Shops:
D:1 ![(??

Annotations:
D:8 Joseph


Innate Abilities, Weirdness & Mutations

You have a beak for a mouth.
You have claws for feet.
Your magical nature lets you fly swiftly and evasively.


Message History

The centaur warrior barely misses you. The centaur warrior kicks you.
* * * LOW HITPOINT WARNING * * *
The killer bee misses you. The centaur warrior misses you.
The centaur warrior kicks you but does no damage.
You hit the killer bee. Your kick misses the killer bee.
The killer bee is lightly wounded.
The killer bee completely misses you. The centaur warrior closely misses you.
The centaur warrior kicks you but does no damage.
The killer bee closely misses you.
Unknown command.
You hit the killer bee. Your kick misses the killer bee.
Your peck misses the killer bee.
The killer bee is moderately wounded.
The centaur warrior is no longer blind.
The centaur warrior hits you but does no damage.
The centaur warrior kicks you. The killer bee barely misses you.
The centaur warrior hits you!
* * * LOW HITPOINT WARNING * * *
The centaur warrior kicks you but does no damage.
The killer bee stings you!
* * * LOW HITPOINT WARNING * * *
You feel better.
You feel less invigorated.
The killer bee is no longer blind.
The killer bee stings you!
* * * LOW HITPOINT WARNING * * *
You are poisoned.
The killer bee poisons you!
The centaur warrior completely misses you.
The centaur warrior kicks you but does no damage.
The killer bee barely misses you.
As you read the scroll of teleportation, it crumbles to dust.
You feel strangely unstable.
You feel sick.
The centaur warrior completely misses you.
The centaur warrior closely misses you. The killer bee completely misses you.
The centaur warrior barely misses you.
The centaur warrior completely misses you.
The killer bee stings you but does no damage.
You feel sick.
The centaur warrior wields a +0 shortbow.
The centaur warrior shoots an arrow.
The arrow hits you!!
You die...

#####..###..........#
##..##..........#
##..#.).########
####.#.#.#
#######....)...#
........#......######
#########.####.#..c.#
######....####..y>..#
...........†)...@...#
###...##########....#
##..### ###### ...##
####


You could see a centaur warrior and a killer bee.

Vanquished Creatures
  2 two-headed ogres
  Amaemon (D:8)
  An orange demon (D:8)
  Psyche (D:8)
  A hornet (D:6)
  3 slime creatures (D:7)
  8 yaks (D:8)
  2 wyverns
  2 water moccasins (D:7)
  4 orc warriors
  2 ice beasts
  3 black bears
  A sky beast (D:6)
  2 ogres
  2 phantoms (D:5)
  A centaur (D:8)
  A bullfrog (D:8)
  A gnoll sergeant (D:8)
  2 scorpions
  17 wights
  A howler monkey (D:7)
  4 hounds
  2 jellies (D:5)
  2 gnoll boudas
  3 orc priests
  Crazy Yiuf (D:3)
  A sleepcap (D:5)
  4 iguanas
  4 orc wizards
  28 gnolls
  4 adders
  A shadow imp (D:5)
  3 white imps
  An ufetubus (D:5)
  3 worms
  3 dart slugs
  19 orcs
  3 ball pythons
  7 endoplasms
  3 giant cockroaches
  3 goblins
  7 hobgoblins
  2 quokkas
  7 bats
  A frilled lizard (D:3)
  4 kobolds
  A spectral kobold (D:1)
179 creatures vanquished.

Notes
Turn   | Place    | Note
-------+----------+-------------------------------------------
     0 | D:1      | Almogavar the Tengu Conjurer began the quest for the Orb.
     0 | D:1      | Reached XP level 1. HP: 10/10 MP: 4/4
     2 | D:1      | Noticed a troll
     2 | D:1      | Noticed a formicid
     4 | D:1      | Noticed a naga
     4 | D:1      | Noticed a tengu
     6 | D:1      | Noticed a vampire
     6 | D:1      | Noticed a meteoran
     8 | D:1      | Noticed an elf
     8 | D:1      | Noticed a minotaur
    10 | D:1      | Noticed an armataur
    10 | D:1      | Noticed a draconian
    12 | D:1      | Noticed an ogre
    12 | D:1      | Noticed a human
    14 | D:1      | Noticed a demonspawn
    16 | D:1      | Noticed a spriggan
    16 | D:1      | Noticed a demigod
    18 | D:1      | Noticed a ghoul
    18 | D:1      | Noticed a vine stalker
    20 | D:1      | Noticed a felid
    22 | D:1      | Noticed a merfolk
    22 | D:1      | Noticed an octopode
    24 | D:1      | Noticed a demonspawn
    24 | D:1      | Noticed a gargoyle
    26 | D:1      | Noticed a formicid
    26 | D:1      | Noticed an armataur
    96 | D:1      | Found Ligaerr's Antique Armour Shoppe.
   191 | D:1      | Reached XP level 2. HP: 15/15 MP: 3/6
   318 | D:1      | Found Pusyu's Magic Scroll Shoppe.
   490 | D:1      | Found a faded altar of an unknown god.
   696 | D:1      | Reached skill level 6 in Conjurations
   699 | D:1      | Learned a level 2 spell: Searing Ray
   719 | D:1      | Found Voicafia's Antique Weapon Shop.
   826 | D:1      | Found Tofatrue's Distillery.
   834 | D:1      | Bought a potion of curing for 30 gold pieces
   952 | D:1      | Found Wos Joch's Magic Scroll Emporium.
  1037 | D:2      | Reached XP level 3. HP: 19/19 MP: 3/7
  1270 | D:2      | Reached XP level 4. HP: 24/24 MP: 4/9
  1763 | D:2      | Reached skill level 7 in Conjurations
  2245 | D:3      | Gained mutation: Your magical nature lets you fly swiftly
                  | and evasively. [Tengu growth]
  2245 | D:3      | Reached XP level 5. HP: 28/28 MP: 4/10
  2507 | D:3      | Identified the +1 troll leather armour of Baldness {Drain
                  | Regen+ Int+4}
  2910 | D:3      | Identified the +9 dagger of Amorality {heavy, Str-4 Int+8
                  | Dex-5 Stlth+}
  3192 | D:3      | Found a runed translucent door.
  3193 | D:3      | Noticed Crazy Yiuf
  3198 | D:3      | Killed Crazy Yiuf
  3199 | D:3      | Reached XP level 6. HP: 32/32 MP: 8/12
  3233 | D:3      | Learned a level 3 spell: Dazzling Flash
  3263 | D:4      | Found a stormy altar of Qazlal.
  3282 | D:4      | Noticed a water elemental
  3282 | D:4      | Noticed a fire elemental
  3282 | D:4      | Noticed an air elemental
  3412 | D:4      | Reached skill level 1 in Armour
  3739 | D:4      | Noticed a black bear
  3746 | D:4      | Killed a black bear
  3747 | D:4      | Reached skill level 8 in Conjurations
  3747 | D:4      | Reached XP level 7. HP: 36/36 MP: 7/14
  4037 | D:5      | Entered Level 5 of the Dungeon
  4048 | D:5      | Reached skill level 1 in Short Blades
  4488 | D:5      | Found a shimmering blue altar of Sif Muna.
  4492 | D:5      | Became a worshipper of Sif Muna the Loreminder
  4582 | D:5      | Found a bloodstained altar of Trog.
  4680 | D:5      | Found a staircase to the Ecumenical Temple.
  4726 | D:5      | Reached XP level 8. HP: 41/41 MP: 16/16
  5045 | D:5      | Reached skill level 5 in Spellcasting
  5446 | D:5      | Reached skill level 9 in Conjurations
  6044 | D:6      | Reached XP level 9. HP: 36/45 MP: 18/18
  6262 | D:6      | Reached skill level 5 in Stealth
  6337 | D:6      | Reached * piety under Sif Muna
  6698 | D:6      | Reached skill level 10 in Conjurations
  6823 | D:6      | Found a sparkling altar of Nemelex Xobeh.
  6823 | D:6      | Found an opulent altar of Gozag.
  6973 | D:7      | Noticed a hornet
  7019 | D:7      | HP: 2/45 [hornet (12)]
  7026 | D:6      | Killed a hornet
  7027 | D:6      | Reached skill level 5 in Short Blades
  7161 | D:7      | Noticed a two-headed ogre
  7279 | D:7      | Killed a two-headed ogre
  7280 | D:7      | Reached XP level 10. HP: 17/50 MP: 7/21
  7381 | D:7      | Found a burning altar of Makhleb.
  7396 | D:7      | Found a glowing silver altar of Zin.
  7396 | D:7      | Noticed an angel
  7396 | D:7      | Noticed a balrug
  7430 | D:7      | Reached skill level 11 in Conjurations
  7984 | D:8      | Reached ** piety under Sif Muna
  7992 | D:8      | Reached skill level 5 in Dodging
  8118 | D:8      | Noticed a two-headed ogre
  8409 | D:8      | Killed a two-headed ogre
  8539 | D:8      | Noticed Amaemon
  8542 | D:8      | Noticed an orange demon
  8544 | D:8      | Noticed Joseph
  8577 | D:8      | Killed Amaemon
  8578 | D:8      | Reached skill level 12 in Conjurations
  8709 | D:8      | Killed an orange demon
  8710 | D:8      | Reached skill level 5 in Armour
  8710 | D:8      | Reached XP level 11. HP: 38/54 MP: 14/24
  8784 | D:8      | Noticed Psyche
  8833 | D:8      | Killed Psyche
  9135 | D:8      | Found an ancient bone altar of Kikubaaqudgha.
  9373 | D:9      | Noticed a centaur warrior
  9385 | D:8      | HP: 2/54 [killer bee (8)]
  9388 | D:8      | Shot with an arrow by a centaur warrior

Illustrated notes

Levels and vault maps discovered:
D:1:      kb_arrival_jail, layout_loops_ring,
          dreamdust_ecumenical_altar_drowned_temple, serial_shops, shop,
          nicolae_shop_trees, nicolae_shop_tiny_glass, nicolae_shop_waterfront,
          shop
D:2:      layout_loops_ring
D:3:      layout_loops_cross, uniq_crazy_yiuf_cottage
D:4:      layout_rooms, nicolae_qazlal_style_of_elements, minmay_misc_feat_tiny,
          minivault_24, chequers_serial_rivers_micro_d, minmay_vboxes
D:5:      layout_gridville, mainiacjoe_overflow_catwalk, led_sif_book,
          minmay_temple_entry_nine_rooms
D:6:      layout_rooms, grunt_temple_overflow_opulence, bh_walls_and_bars
D:7:      layout_rooms, grunt_temple_overflow_order_and_chaos_2
D:8:      layout_rooms, general_overflow_altar, uniq_joseph, uniq_psyche,
          uniq_amaemon
D:9:      layout_rooms, nicolae_tso_carved_into_rock, yredelemnul_altar_generic,
          hellmonk_lair_entry_icy, serial_shops, shop_statue,
          nicolae_shop_statue_plus, nicolae_shop_rolling_square,
          nicolae_shop_tiny_waterfront

Skill      XL: |  1  2  3  4  5  6  7  8  9 10 11 |
---------------+----------------------------------+-----
Conjurations   | 6 7 8 9 10 12 | 12.6
Spellcasting   | 3 4 5 7 8 |  8.4
Stealth        | 3 4 5 6 |  6.4
Armour         | 1 2 3 5 |  5.5
Short Blades   | 2 4 5 7 |  7.6
Dodging        | 3 4 5 6 |  6.2
Fighting       | |  0.1

Action                     |  1- 3 |  4- 6 |  7- 9 | 10-12 || total
---------------------------+-------+-------+-------+-------++-------
  Melee: Dagger            |    14 |    17 |    14 |    25 ||    70
         Kick              |     4 |     3 |       |     7 ||    14
         Peck              |     1 |     2 |     1 |     5 ||     9
   Cast: Magic Dart        |    38 |    31 |    92 |    29 ||   190
         Searing Ray       |     2 |    24 |    60 |    48 ||   134
         Dazzling Flash    |       |       |       |     1 ||     1
    Use: Scroll            |       |     4 |     4 |     4 ||    12
         Potion            |       |       |     3 |     2 ||     5
   Stab: Sleeping          |       |     8 |     5 |       ||    13
 Armour: Robe              |     1 |       |       |       ||     1
         Troll leather arm |       |     3 |    18 |    35 ||    56
  Dodge: Dodged            |     7 |    10 |    29 |   101 ||   147
